 Dungeon Crawl Stone Soup version 0.30.1-4-g462c640d31 (webtiles) character file.

Game seed: 5284882774870032539

167 booth the Ruffian (level 5, -4/41 HPs)
             Began as a Draconian Transmuter on Aug 18, 2023.
             Slain by an elf zombie (7 damage)
             ... in an ossuary.
             The game lasted 00:17:47 (2952 turns).

booth the Ruffian (Draconian Transmuter)            Turns: 2952, Time: 00:17:48

Health: -4/41      AC:  5    Str: 15    XL:     5   Next: 23%
Magic:  5/8        EV: 12    Int: 13    God:
Gold:   84         SH:  0    Dex: 11    Spells: 3/9 levels left

rFire   + .          .
                       - Unarmed
rCold   . . .        (no shield)
rNeg    . . .        (body armour unavailable)
rPois   .            (helmet currently unavailable)
rElec   .            (no cloak)
rCorr   .            (no gloves)
SInv    .            (boots currently unavailable)
Will    .....        (no amulet)
Stlth   +            f - ring of protection from fire
HPRegen 0.26/turn    (no ring)
MPRegen 0.11/turn

%: no passive effects
@: appendages, wereblooded
A: horns 2, talons 2, AC +5, unfitting armour, cold-blooded, MP-powered wands
a: End Transformation


You were in an ossuary.
You had temporarily grown beastly horns and talons.
You visited 1 branch of the dungeon, and saw 4 of its levels.
You also visited: Ossuary.

You collected 84 gold pieces.

Inventory:

Hand Weapons
 n - a +0 mace
Missiles
 k - 2 poisoned darts (quivered)
Armour
 p - a +0 buckler
Jewellery
 f - a ring of protection from fire (left hand)
Wands
 c - a wand of mindburst (7)
 l - a wand of polymorph (6)
Scrolls
 d - 2 scrolls of fear
 h - 2 scrolls of fog
 i - 2 scrolls of enchant weapon
 j - a scroll of acquirement {unknown}
 m - a scroll of poison
Potions
 a - a potion of lignification
 e - a potion of attraction
 g - 3 potions of flight


   Skills:
 + Level 2.3 Fighting
 + Level 2.3 Dodging
 * Level 4.0 Unarmed Combat
 + Level 2.6 Spellcasting
 * Level 3.3 Transmutations


You had 3 spell levels left.
You knew the following spells:

 Your Spells              Type           Power      Damage    Failure   Level
a - Beastly Appendage     Tmut           20%        N/A       6%          1
b - Wereblood             Tmut           10%        N/A       9%          2
c - Spider Form           Tmut/Pois      6%         N/A       34%         3

Your spell library contained the following spells:

 Spells                   Type           Power      Damage    Failure   Level
 Ice Form                 Ice/Tmut       6%         N/A       75%         4


Dungeon Overview and Level Annotations

Branches:
Dungeon (4/15)            Ossuary (1/1)
 Temple: D:4-7

Altars:
Ashenzari
Makhleb
Nemelex Xobeh
Wu Jian

Shops:
D:1 (   D:3 [


Innate Abilities, Weirdness & Mutations

You have temporarily grown beastly horns and talons.
Your plain brown scales are hard. (AC +5)
You cannot fit into any form of body armour.
You are cold-blooded and may be slowed by cold attacks.
You expend magic power (3 MP) to strengthen your wands.


Message History

You barely miss the human zombie.
Your tail-slap misses the human zombie.
The elf zombie hits you but does no damage.
The hobgoblin zombie hits you. The mummy hits you!
You barely miss the human zombie. The human zombie closely misses you.
The elf zombie hits you but does no damage.
The hobgoblin zombie hits you.
You hit the human zombie. You tail-slap the human zombie.
The human zombie is lightly damaged.
The human zombie barely misses you. The mummy barely misses you.
The elf zombie hits you but does no damage.
You barely miss the human zombie.
The human zombie is lightly damaged.
The hobgoblin zombie hits you but does no damage.
The human zombie hits you but does no damage.
You hit the hobgoblin zombie.
You destroy the hobgoblin zombie!
The elf zombie barely misses you.
Casting: Wereblood (safe; 9% risk of failure)
Confirm with . or Enter, or press ? or * to list all spells.
You grow a pair of large bovine horns.
Your feet morph into talons.
The human zombie hits you!
* * * LOW HITPOINT WARNING * * *
The elf zombie hits you but does no damage.
The gnoll zombie closely misses you.
You hit the mummy but do no damage. Your kick misses the mummy.
You tail-slap the mummy.
The mummy is lightly damaged.
The mummy hits you!
* * * LOW HITPOINT WARNING * * *
The human zombie closely misses you. The elf zombie misses you.
Casting: Beastly Appendage (safe; 6% risk of failure)
Confirm with . or Enter, or press ? or * to list all spells.
Your blood is infused with primal strength.
The gnoll zombie hits you.
* * * LOW HITPOINT WARNING * * *
The mummy hits you.
* * * LOW HITPOINT WARNING * * *
The elf zombie barely misses you. The elf zombie hits you!
You die...

##################
..ZZZ.........+??#
..M...........#??#
#####.........####
................M#
...............ZM#
..........##..ZMZ#
..........##...Z.#
................@#
.................#
..............#..#
.............##..#
..∩.......... #.∩#
..∩......... #..#
........... #..#
.......... ...#
..........


You could see 3 mummies, a gnoll zombie, an elf zombie and 2 human zombies.

Vanquished Creatures
  Natasha (thrice) (D:3)
  A mummy (D:4)
  3 adders (D:2)
  An adder zombie (Ossuary)
  A worm (D:2)
  3 orcs (D:3)
  3 endoplasms (D:1)
  A giant cockroach (D:1)
  2 goblins
  2 hobgoblins
  3 kobolds
  2 quokkas
  4 ball pythons
  7 bats
  5 frilled lizards
  A goblin zombie (Ossuary)
  A hobgoblin zombie (Ossuary)
  A jackal zombie (Ossuary)
  2 kobold zombies (Ossuary)
  An orc zombie (Ossuary)
  4 rats
  A rat zombie (Ossuary)
52 creatures vanquished.

Notes
Turn   | Place    | Note
-------+----------+-------------------------------------------
     0 | D:1      | booth the Draconian Transmuter began the quest for the Orb.
     0 | D:1      | Reached XP level 1. HP: 16/16 MP: 3/3
   301 | D:1      | Found Jehiax's Antique Weapon Emporium.
   320 | D:1      | Reached XP level 2. HP: 22/23 MP: 3/5
   324 | D:1      | Learned a level 2 spell: Wereblood
   616 | D:1      | Gained mutation: You expend magic power (3 MP) to
                  | strengthen your wands. [potion of mutation]
   996 | D:2      | Reached XP level 3. HP: 25/28 MP: 4/6
  1000 | D:2      | Learned a level 3 spell: Spider Form
  1472 | D:3      | Noticed Natasha
  1480 | D:3      | Killed Natasha
  1481 | D:3      | Reached XP level 4. HP: 19/36 MP: 7/7
  1707 | D:3      | Found a broken altar of Ashenzari.
  1708 | D:3      | Found a burning altar of Makhleb.
  1733 | D:3      | Noticed Natasha
  1741 | D:3      | Killed Natasha
  1955 | D:3      | Found a faded altar of an unknown god.
  1978 | D:3      | Noticed Natasha
  1987 | D:3      | Killed Natasha
  2089 | D:3      | Found Plog's Antique Armour Shop.
  2349 | D:3      | Found a sparkling altar of Nemelex Xobeh.
  2359 | D:3      | Reached XP level 5. HP: 41/41 MP: 3/8
  2613 | D:4      | Found an ornate altar of the Wu Jian Council.
  2848 | D:4      | Found a sand-covered staircase.
  2855 | D:4      | Reached skill level 4 in Unarmed Combat
  2860 | Ossuary  | Entered an ossuary
  2950 | Ossuary  | HP: 2/41 [mummy (1)]
  2952 | Ossuary  | Slain by an elf zombie

Illustrated notes

Levels and vault maps discovered:
D:1:      dpeg_arrival_signposts, layout_rooms, serial_shops, shop
D:2:      layout_loops_ring, minmay_misc_feat_plants, chequers_decorated_corner
D:3:      layout_loops_corners, mainiacjoe_overflow_six_doors_small, minitemple,
          serial_shops, shop, shapermc_ecumenical_altar_starsandcircs,
          uniq_natasha
D:4:      layout_loops_ring, old_standard_altar, kiku_gazebo_garden_becter,
          gup_ossuary_entry_pyramid, st_stairs_1, nicolae_nh_ransacked_shop,
          uniq_blork_the_orc
Ossuary:  ossuary_minmay_tomb_2a

Skill      XL: |  1  2  3  4  5 |
---------------+----------------+-----
Dodging        | 2 |  2.3
Transmutations | 3 |  3.3
Fighting       | 2 |  2.3
Unarmed Combat | 4 |  4.0
Spellcasting   | |  2.6

Action                     |  1- 3 |  4- 6 || total
---------------------------+-------+-------++-------
  Melee: Unarmed           |    78 |    87 ||   165
         Kick              |    12 |    12 ||    24
         Headbutt          |     6 |     8 ||    14
         Tailslap          |     9 |     4 ||    13
         Punch             |     1 |     1 ||     2
   Cast: Beastly Appendage |    13 |    10 ||    23
         Wereblood         |       |     4 ||     4
    Use: Scroll            |     9 |     3 ||    12
         Potion            |     3 |     3 ||     6
   Stab: Sleeping          |     1 |       ||     1
 Armour: Skin              |    25 |    55 ||    80
  Dodge: Dodged            |    43 |   110 ||   153
